AoeStats
← ITA | GiaggiaZena

Fortress

509754550Analyzed
4v4 RM · 5d ago on Sep 27, 2026· 38m 34s· 8 players
Game mode
Random Map
Map size
Huge
Population
200
Speed
Normal
Resources
Standard
Victory
Conquest
Starting age
Dark Age
Ending age
Imperial Age
RankedLock teamsTeams togetherTeam positionsShared explorationLock speedFull tech treeHidden civsTurbo modeCheats
Victory
Defeat
🇲🇽 Malians · Mexico
1422
+14
🇦🇷 Britons · Argentina
1402
+15
🇦🇷 Celts · Argentina
1388
+16
🇨🇱 Khmer · Chile
1383
+16
🇩🇪 Bohemians · Germany
1447
-18
🇮🇹 Mongols · Italy
1411
-16
🇷🇺 Danes · Russia
1364
-15
🇺🇸 Varangians · United States
1304
-12
Macielinho
7:26 Feudal Age
11:15 Castle Age
9:27 Double-Bit Axe
10:16 Scale Mail Armor
10:14 Horse Collar
11:11 Loom
12:05 Bow Saw
24:36 Heavy Plow
26:12 Wheelbarrow
29:53 Imperial Age
28:26 Chain Mail Armor
28:21 Forging
31:03 Scale Barding Armor
31:34 Iron Casting
31:30 Plate Mail Armor
31:04 Farimba
31:24 Conscription
31:26 Light Cavalry
32:17 Bloodlines
32:08 Husbandry
33:41 Chain Barding Armor
34:47 Hand Cart
37:22 Town Watch
38:56 Plate Barding Armor
M-A
7:47 Feudal Age
12:26 Castle Age
10:18 Double-Bit Axe
10:15 Horse Collar
11:41 Town Watch
12:13 Scale Mail Armor
12:06 Arson
17:28 Loom
21:18 Wheelbarrow
21:38 Bow Saw
21:31 Heavy Plow
21:48 Gold Mining
23:32 Hand Cart
26:00 Gold Shaft Mining
30:32 Imperial Age
28:50 Chain Mail Armor
29:02 Stone Mining
30:02 Fortified Wall
30:18 Forging
30:34 Capped Ram
32:31 Plate Mail Armor
32:53 Siege Ram
34:13 Siege Engineers
35:25 Iron Casting
35:01 Elite Woad Raider
38:00 Blast Furnace
37:41 Conscription
38:02 Furor Celtica
n0n1t4
8:27 Feudal Age
12:07 Castle Age
10:16 Double-Bit Axe
10:30 Horse Collar
12:45 Loom
14:41 Fletching
19:48 Imperial Age
18:31 Fletching
21:26 Bodkin Arrow
25:55 Chemistry
27:11 Bracer
29:35 Ballistics
Thanos 2022
8:20 Feudal Age
8:54 Double-Bit Axe
8:54 Horse Collar
11:33 Castle Age
12:44 Bow Saw
13:07 Heavy Plow
16:21 Wheelbarrow
18:30 Stone Mining
21:43 Loom
24:52 Imperial Age
23:06 Hand Cart
23:52 Ballistics
25:00 Stone Shaft Mining
24:16 Gold Mining
25:28 Bloodlines
25:18 Husbandry
25:10 Elite Ballista Elephant
26:11 Conscription
27:14 Scale Barding Armor
27:17 Double Crossbow
28:29 Chain Barding Armor
29:41 Chemistry
29:18 Siege Engineers
29:41 Town Watch
30:45 Hoardings
32:55 Plate Barding Armor
31:43 Light Cavalry
33:04 Hussar
34:17 Devotion
36:17 Caravan
39:16 Forging
tima_1999
7:33 Feudal Age
8:49 Double-Bit Axe
12:15 Castle Age
10:55 Horse Collar
12:43 Fletching
13:15 Loom
16:42 Wheelbarrow
16:56 Heavy Plow
17:07 Bow Saw
18:05 Gold Mining
20:04 Town Watch
20:40 Bodkin Arrow
23:54 Imperial Age
21:59 Padded Archer Armor
24:30 Cranequins
26:11 Conscription
26:20 Bloodlines
26:10 Husbandry
26:33 Bracer
26:55 Thumb Ring
26:52 Elite Skirmisher
28:27 Leather Archer Armor
28:37 Ballistics
30:15 Ring Archer Armor
32:17 Chemistry
34:26 Scale Mail Armor
34:37 Forging
35:25 Elite Varangian Guard
37:29 Chain Mail Armor
37:50 Iron Casting
37:28 Squires
37:13 Gambesons
yogieberere
7:06 Feudal Age
11:58 Castle Age
10:30 Double-Bit Axe
10:59 Horse Collar
13:14 Loom
13:25 Loom
14:25 Bow Saw
14:56 Heavy Plow
19:44 Wheelbarrow
22:09 Hand Cart
21:42 Town Watch
22:04 Gold Mining
22:20 Stone Mining
23:54 Stone Shaft Mining
25:22 Scale Barding Armor
25:27 Forging
29:42 Imperial Age
28:25 Scale Barding Armor
28:30 Forging
30:19 Chain Barding Armor
30:36 Iron Casting
30:16 Fletching
29:49 Elite Jarl
30:49 Conscription
30:57 Siege Engineers
31:53 Chemistry
31:41 Plate Barding Armor
31:02 Bodkin Arrow
31:25 Town Patrol
31:37 Onager
33:47 Blast Furnace
33:56 Bracer
33:37 Onager
36:21 Vendel Legacy
Facetrollwakfu
8:32 Feudal Age
9:55 Double-Bit Axe
10:15 Horse Collar
12:48 Castle Age
11:19 Loom
13:10 Loom
14:02 Wheelbarrow
13:58 Bow Saw
17:40 Sanctity
22:39 Hand Cart
24:04 Heavy Plow
31:49 Imperial Age
30:57 Chemistry
30:16 Wagenburg Tactics
35:51 Imperial Age
35:54 Houfnice
37:07 Conscription
ITA | GiaggiaZena
7:22 Feudal Age
11:08 Castle Age
9:08 Horse Collar
9:46 Double-Bit Axe
12:13 Bow Saw
16:35 Fletching
22:40 Wheelbarrow
22:04 Gold Mining
26:00 Imperial Age
23:47 Padded Archer Armor
24:32 Loom
26:09 Bodkin Arrow
29:31 Leather Archer Armor
32:48 Bracer
36:52 Scale Barding Armor
36:58 Forging
36:55 Husbandry
37:05 Bloodlines
36:16 Light Cavalry
Connection lost

Rejoining the realm…

Still unreachable

The connection could not be restored.

Session expired

The server has moved on; the page needs a fresh start.